 Dungeon Crawl Stone Soup version 0.23-a0-449-g8e4cbf7 (webtiles) character file.

250 russianmonk1111 the Sneak (level 6, -5/39 HPs)
             Began as an Octopode Earth Elementalist on Nov 21, 2018.
             Killed by nerve-wracking pain
             ... invoked by an orc priest
              (14 damage)
             ... on level 3 of the Dungeon.
             The game lasted 00:12:00 (4035 turns).

russianmonk1111 the Sneak (OpEE)                    Turns: 4035, Time: 00:12:01

Health: -5/39      AC:  1    Str:  7    XL:     6   Next: 13%
Magic:  10/10      EV: 13    Int: 20    God:
Gold:   153        SH:  0    Dex: 12    Spells: 3/10 levels left

rFire    . . .     SeeInvis .   b - +1 short sword (venom)
rCold    . . .     Gourm    .   (no shield)
rNeg     . . .     Faith    .   (helmet restricted)
rPois    .         Spirit   .   g - amulet of magic regeneration
rElec    .         Reflect  .   (no ring)
rCorr    .         Harm     .   (no ring)
MR       .....                  (no ring)
Stlth    ++........             (no ring)
HPRegen  0.13/turn              (no ring)
MPRegen  0.37/turn              (no ring)
                                (no ring)
                                (no ring)

@: confused
A: almost no armour, stealthy swim, amphibious, 8 rings, constrict 8, camouflage
1, gelatinous body 1
a: no special abilities


You were on level 3 of the Dungeon.
You were not hungry.

You visited 1 branch of the dungeon, and saw 3 of its levels.

You collected 153 gold pieces.

Inventory:

Hand Weapons
 a - a +2 dagger of protection
 b - a +1 short sword of venom (weapon)
 c - a +0 hunting sling
 i - a +0 dagger
 j - a +2 hand axe of flaming
Missiles
 e - 114 stones (quivered)
 h - 4 javelins
Jewellery
 g - an amulet of magic regeneration (around mantle)
Scrolls
 l - a scroll of noise {unknown}
 m - 3 scrolls of enchant armour
Potions
 f - a potion of mutation {unknown}
 k - a potion of might {unknown}
 n - 2 potions of ambrosia
 o - a potion of haste {unknown}
 r - a potion of curing {unknown}
Comestibles
 d - 2 rations {!d}


   Skills:
 + Level 2.1 Fighting
 - Level 2.0 Dodging
 * Level 5.1 Stealth
 + Level 2.6 Spellcasting
 * Level 2.3 Transmutations
 * Level 4.3 Earth Magic


You had 3 spell levels left.
You knew the following spells:

 Your Spells              Type           Power        Failure   Level  Hunger
a - Sandblast             Erth           ###...       2%          1    None
b - Passwall              Tmut/Erth      ###.....     6%          2    ##.....
c - Petrify               Tmut/Erth      ###.....     36%         4    ####...

Your spell library contained the following spells:

 Spells                   Type           Power        Failure   Level  Hunger
 Stone Arrow              Conj/Erth      ##....       19%         3    ###....
 Lee's Rapid Deconstruct  Erth           ###.......   56%         5    ######.


Dungeon Overview and Level Annotations

Branches:
Dungeon (3/15)

Altars:
Gozag
Makhleb
Trog
Vehumet
Yredelemnul


Innate Abilities, Weirdness & Mutations

You cannot wear most types of armour.
You are very stealthy in the water. (Stealth+)
You are amphibious.
You can wear up to eight rings at the same time.
You can use your tentacles to constrict eight enemies at once.
Your skin changes colour to match your surroundings (Stealth+).
Your rubbery body absorbs attacks. (AC +1, EV +1)


Message History

An orc comes into view.
You release your grip on the orc priest.
The orc priest misses you.
The orc shouts!
You hit the orc priest but do no damage.
The orc priest looks as sick as possible!
Your grab misses the orc priest.
The orc priest suddenly yells.
The orc priest closely misses you. The orc hits you with a +0 whip.
* * * LOW HITPOINT WARNING * * *
You are confused.
You feel invigorated. The orc hits you with a +0 club.
* * * LOW HITPOINT WARNING * * *
The orc hits you but does no damage.
You barely miss the orc. Your squeeze misses the orc.
The orc priest looks encouraged for a moment.
The orc closely misses you. x2
The orc priest calls down the wrath of Beogh upon you.
Pain shoots through your body!
You die...

###....# #.# #.....'...#
###....####.####.....###.###
..'..(...)......>....<.....#
###....####......#....#.####
#....# #......#.....##.##
###### #......#....##.._#
#.......#...'....#
.##..........##.._#
#.........@o.....##.##
#.........oo......########
##
#...........).)..........#
.#
#....................#.#.##
.#
#.............o............
.#
###......................##
[# #..........#.............
.#####
..........##............
.#...#
##.....###....#........


You could see an orc priest and 3 orcs.

Vanquished Creatures
  A crimson imp (D:3)
  A hound skeleton (D:3)
  4 gnolls
  6 adders
  3 worms (D:2)
  A dart slug (D:1)
  3 leopard geckos
  8 orcs
  6 bats
  A giant cockroach (D:2)
  7 goblins
  6 hobgoblins
  16 jackals
  3 ball pythons
  6 frilled lizards
  9 kobolds
  12 rats
93 creatures vanquished.

Notes
Turn   | Place    | Note
-------+----------+-------------------------------------------
     0 | D:1      | russianmonk1111 the Octopode Earth Elementalist began the
                  | quest for the Orb.
     0 | D:1      | Reached XP level 1. HP: 11/11 MP: 3/3
   139 | D:1      | Reached skill level 3 in Stealth
   376 | D:1      | Reached XP level 2. HP: 18/18 MP: 1/5
   423 | D:1      | Learned a level 2 spell: Passwall
   782 | D:1      | Reached skill level 1 in Fighting
   824 | D:1      | Reached XP level 3. HP: 18/23 MP: 3/6
  1627 | D:2      | Reached XP level 4. HP: 9/28 MP: 1/7
  1628 | D:2      | Reached skill level 4 in Stealth
  2154 | D:2      | Found a bloodstained altar of Trog.
  2579 | D:2      | Reached XP level 5. HP: 34/34 MP: 8/8
  2588 | D:2      | Learned a level 4 spell: Petrify
  2628 | D:2      | Found a basalt altar of Yredelemnul.
  3015 | D:3      | Found an opulent altar of Gozag.
  3753 | D:3      | Reached skill level 5 in Stealth
  3765 | D:3      | Reached XP level 6. HP: 10/39 MP: 8/10
  4014 | D:3      | Found a radiant altar of Vehumet.
  4015 | D:3      | Found a burning altar of Makhleb.
  4035 | D:3      | Killed from afar by an orc priest

Vault maps used:
D:1:      giann_horns
D:2:      nicolae_overflow_crystal_walls, trog_butcher_becter
D:3:      grunt_temple_overflow_lords_of_destruction, grunt_gozag_statues,
          lemuel_coloured_pillars_altar

Skill      XL: |  1  2  3  4  5 |
---------------+----------------+-----
Stealth        | 3 4 5 |  5.1
Fighting       | 1 2 |  2.1
Earth Magic    | 4 |  4.3
Transmutations | 2 |  2.3
Dodging        | |  2.0
Spellcasting   | |  2.6

Action                   |  1- 3 |  4- 6 || total
-------------------------+-------+-------++-------
Melee: Unarmed           |     9 |       ||     9
       Constrict         |    20 |    39 ||    59
       Tentacles         |    11 |    23 ||    34
       Dagger            |    69 |   102 ||   171
       Short sword       |       |    27 ||    27
 Cast: Sandblast         |    28 |     3 ||    31
  Use: Scroll            |     1 |     4 ||     5
       Potion            |     1 |     2 ||     3
 Stab: Sleeping          |     9 |     9 ||    18
  Eat: Chunk             |     2 |     8 ||    10
Armor: Skin              |     7 |    23 ||    30
Dodge: Dodged            |    68 |    82 ||   150

Table legend:
 A = Non-vault XP
 B = Vault XP
 C = Vault XP percentage of total XP
 D = Non-vault monster count
 E = Vault monster count
 F = Vault count percentage of total count
                 A         B        C        D         E       F
            +---------+---------+-------+---------+---------+-------
      Total |     302 |      56 |  15.6 |      88 |       5 |   5.4
            +---------+---------+-------+---------+---------+-------
        D:1 |      53 |       0 |   0.0 |      32 |       0 |   0.0
        D:2 |     128 |       8 |   5.9 |      34 |       4 |  10.5
        D:3 |     121 |      48 |  28.4 |      22 |       1 |   4.3
            +---------+---------+-------+---------+---------+-------
